 Dungeon Crawl Stone Soup version 0.26-a0-639-g72c4674329 (webtiles) character file.

Game seed: 7098089476359751627

168 Kaptain the Firebug (level 5, 0/29 HPs)
             Began as a Tengu Fire Elementalist on Sept 19, 2020.
             Killed from afar by an orc wizard (10 damage)
             ... with a puff of flame
             ... on level 3 of the Dungeon.
             The game lasted 00:08:28 (2875 turns).

Kaptain the Firebug (Tengu Fire Elementalist)       Turns: 2875, Time: 00:08:28

Health: 0/29       AC:  5    Str:  8    XL:     5   Next: 48%
Magic:  10/10      EV: 14    Int: 16    God:
Gold:   82         SH:  0    Dex: 15    Spells: 5/10 levels left

rFire    . . .     SeeInvis .   b - +0 short sword
rCold    . . .     Faith    .   (no shield)
rNeg     . . .     Spirit   .   c - +1 leather armour
rPois    .         Reflect  .   (helmet restricted)
rElec    .         Harm     .   p - +0 cloak
rCorr    .         Rampage  .   (no gloves)
MR       .....                  (boots unavailable)
Stlth    ++........             k - amulet of magic regeneration
HPRegen  0.09/turn              (no ring)
MPRegen  0.37/turn              (no ring)

@: flying quickly and evasively, very slightly contaminated, quick
A: beak, talons 3, able to fly
a: Stop Flying


You were on level 3 of the Dungeon.
You visited 1 branch of the dungeon, and saw 3 of its levels.

You collected 82 gold pieces.

Inventory:

Hand Weapons
 b - a +0 short sword (weapon)
 e - a +1 dagger
 o - a +4 quarterstaff of chaos
Armour
 c - a +1 leather armour (worn)
 g - a +1 pair of boots
 p - a +0 cloak (worn)
Jewellery
 k - an amulet of magic regeneration (around neck)
Scrolls
 a - a scroll of enchant weapon
 d - a scroll of amnesia
 f - 2 scrolls of identify {unknown}
 i - 2 scrolls of fog
 n - 2 scrolls of remove curse
Potions
 l - a potion of brilliance {unknown}
 m - a potion of berserk rage {unknown}
 q - a potion of mutation {unknown}


   Skills:
 + Level 1.4 Fighting
 + Level 1.6 Armour
 - Level 2.1 Dodging
 + Level 2.5 Stealth
 * Level 3.0 Spellcasting
 * Level 3.2 Conjurations
 * Level 4.2 Fire Magic


You had 5 spell levels left.
You knew the following spells:

 Your Spells              Type           Power        Failure   Level
a - Foxfire               Conj/Fire      ##..         6%          1
b - Sticky Flame          Conj/Fire      ##......     50%         4

Your spell library contained the following spells:

 Spells                   Type           Power        Failure   Level
 Conjure Flame            Conj/Fire      ##......     17%         3
 Inner Flame              Hex/Fire       #.......     32%         3
 Fireball                 Conj/Fire      ##........   85%         5


Dungeon Overview and Level Annotations

Branches:
Dungeon (3/15)

Altars:
Hepliaklqana


Innate Abilities, Weirdness & Mutations

You have a beak for a mouth.
You have claws for feet.
You can fly continuously.


Message History

The orc priest looks braver for a moment.
The orc closely misses you. Something hits you.
Your foxfire dissipates!
The orc priest calls down the wrath of Beogh upon you.
Something writhes in agony.
Casting: Foxfire (safe; 6% risk of failure)
Confirm with . or Enter, or press ? or * to list all spells.
You miscast Foxfire.
You are very lightly contaminated with residual magic.
Nothing appears to happen.
The orc hits you with a +0 whip.
Unknown command.
Casting: Foxfire (safe; 6% risk of failure)
Confirm with . or Enter, or press ? or * to list all spells.
You conjure some foxfire!
The orc misses you. Magic courses through your body.
The foxfire hits the orc.
The orc is severely wounded.
You hear some strange, mumbled words.
A puff of flame appears from out of thin air!
The puff of flame hits you!
You die...

. . ## .###.# # #.#.#
#..##. #...#
..†...###...#####
#.ogo.#.....#
#..##@§.###.#
##..{§v..)##.#
##.......##.##.#
##.###.#..##.##.#
#....†....#...#.#
#.#.#.....#......#
#..####.#............##
#..>..................#
##...###.#.............#


You could see 2 orcs and a hobgoblin.

Vanquished Creatures
  Crazy Yiuf (D:2)
  A bullfrog skeleton (D:2)
  A gnoll (D:1)
  2 adders
  2 oozes
  2 worms (D:2)
  A leopard gecko (D:1)
  4 orcs (D:3)
  3 ball pythons
  10 bats
  9 giant cockroaches
  7 goblins
  4 hobgoblins
  9 kobolds
  A quokka (D:2)
  4 frilled lizards
  2 rats (D:1)
63 creatures vanquished.

Vanquished Creatures (collateral kills)
  2 foxfires (D:1)
2 creatures vanquished.

Vanquished Creatures (others)
  234 foxfires
234 creatures vanquished.

Grand Total: 299 creatures vanquished

Notes
Turn   | Place    | Note
-------+----------+-------------------------------------------
     0 | D:1      | Kaptain the Tengu Fire Elementalist began the quest for the
                  | Orb.
     0 | D:1      | Reached XP level 1. HP: 10/10 MP: 4/4
   221 | D:1      | Reached XP level 2. HP: 15/15 MP: 3/6
   590 | D:1      | Reached XP level 3. HP: 20/20 MP: 4/7
  1578 | D:2      | Reached skill level 1 in Armour
  1650 | D:2      | Reached XP level 4. HP: 24/24 MP: 1/8
  1664 | D:2      | Reached skill level 1 in Fighting
  2322 | D:2      | Reached skill level 4 in Fire Magic
  2408 | D:2      | Found a runed translucent door.
  2409 | D:2      | Noticed Crazy Yiuf
  2427 | D:2      | Killed Crazy Yiuf
  2427 | D:2      | Gained mutation: You can fly continuously. [Tengu growth]
  2427 | D:2      | Reached XP level 5. HP: 20/29 MP: 4/10
  2672 | D:2      | Found a hazy altar of Hepliaklqana.
  2749 | D:2      | Learned a level 4 spell: Sticky Flame
  2875 | D:3      | Killed from afar by an orc wizard

Illustrated notes

Levels and vault maps discovered:
D:1:      dpeg_arrival_prison, layout_basic, serial_forest,
          infiniplex_forest_clump_large, infiniplex_forest_end_3,
          infiniplex_forest_straight_5, infiniplex_forest_corner_2,
          infiniplex_forest_end_2, infiniplex_forest_lined_corner,
          infiniplex_forest_end_3, corexii_corridor_pit
D:2:      layout_basic, marbit_many_paths, uniq_crazy_yiuf_cottage
D:3:      layout_loops_ring, minmay_quadrilaterals, uniq_grinder

Skill      XL: |  1  2  3  4  5 |
---------------+----------------+-----
Conjurations   | 2 3 |  3.2
Armour         | 1 |  1.6
Fighting       | 1 |  1.4
Fire Magic     | 4 |  4.2
Spellcasting   | 3 |  3.0
Dodging        | |  2.1
Stealth        | |  2.5

Action                   |  1- 3 |  4- 6 || total
-------------------------+-------+-------++-------
Melee: Unarmed           |     8 |       ||     8
       Kick              |     4 |       ||     4
       Peck              |     4 |       ||     4
       Dagger            |     9 |       ||     9
       Short sword       |       |     3 ||     3
 Cast: Foxfire           |    66 |    86 ||   152
 Abil: Fly               |       |     1 ||     1
  Use: Scroll            |     6 |     5 ||    11
       Potion            |     3 |     4 ||     7
Armor: Leather armour    |    12 |     8 ||    20
       Robe              |     2 |       ||     2
Dodge: Dodged            |    33 |    18 ||    51

Table legend: (Time is in decaauts)
 A = Elapsed time spent in this place.
 B = Non-inter-level travel time spent in this place.
 C = Inter-level travel time spent in this place.
 D = Time resting spent in this place.
 E = Time spent auto-exploring this place.
 F = Levels seen in this place.
 G = Mean time per level.
                   A        B        C        D        E       F      G
               +--------+--------+--------+--------+--------+-----+--------+
         Total |   2853 |   2800 |     53 |    580 |   1664 |   3 |  951.0 |
       Dungeon |   2853 |   2800 |     53 |    580 |   1664 |   3 |  951.0 |
               +--------+--------+--------+--------+--------+-----+--------+

Top non-repeatable levels by time:
     D:1: 1547 daAuts
     D:2: 1182 daAuts
     D:3: 122 daAuts
